 Dungeon Crawl Stone Soup version 0.23-a0-494-g91793a9 (webtiles) character file.

174 Blackhawk the Chopper (level 5, -5/70 HPs)
             Began as a Minotaur Berserker on Dec 3, 2018.
             Was a Believer of Trog.
             Slain by a gnoll
             ... wielding a +0 halberd
              (7 damage)
             ... on level 3 of the Dungeon.
             The game lasted 00:02:43 (2023 turns).

Blackhawk the Chopper (Minotaur Berserker)          Turns: 2023, Time: 00:02:44

Health: -5/70      AC:  9    Str: 27    XL:     5   Next: 28%
Magic:  4/4        EV:  9    Int:  4    God:    Trog [**....]
Gold:   76         SH:  3    Dex: 10    Spells: 4/4 levels left

rFire    . . .     SeeInvis .   a - +0 hand axe
rCold    . . .     Gourm    .   r - +0 buckler
rNeg     . . .     Faith    .   f - +0 chain mail (curse)
rPois    .         Spirit   .   (helmet restricted)
rElec    .         Reflect  .   (no cloak)
rCorr    .         Harm     .   (no gloves)
MR       .....                  (no boots)
Stlth    ..........             (no amulet)
HPRegen  0.21/turn              (no ring)
MPRegen  0.09/turn              (no ring)

@: berserking, very quick
A: retaliatory headbutt, horns 2
a: Berserk, Trog's Hand, Renounce Religion


You were on level 3 of the Dungeon.
You worshipped Trog.
Trog was pleased with you.
You were very hungry.

You visited 1 branch of the dungeon, and saw 3 of its levels.

You collected 76 gold pieces.

Inventory:

Hand Weapons
 a - a +0 hand axe (weapon)
Missiles
 i - 78 stones (quivered)
 m - 26 sling bullets
Armour
 b - a +0 animal skin
 f - a cursed +0 chain mail (worn)
 r - a +0 buckler (worn)
Jewellery
 d - an uncursed ring of stealth {unknown}
Scrolls
 e - a scroll of amnesia {unknown}
 h - a scroll of immolation {unknown}
 j - a scroll of teleportation {unknown}
 k - 2 scrolls of random uselessness {unknown}
 l - a scroll of magic mapping {unknown}
 n - a scroll of identify {unknown}
 o - a scroll of enchant weapon {unknown}
Potions
 g - 2 potions of lignification {unknown}
 p - a potion of invisibility
 q - 2 potions of heal wounds {unknown}
 s - a potion of agility {unknown}
Comestibles
 c - 2 rations


   Skills:
 + Level 4.7 Fighting
 + Level 4.8 Axes
 + Level 3.9 Armour
 - Level 3.4 Dodging
 + Level 0.6 Shields


You had 4 spell levels left.
You didn't know any spells.
Your spell library was empty.

Dungeon Overview and Level Annotations

Branches:
Dungeon (3/15)

Altars:
Okawaru
Uskayaw

Annotations:
D:3 Ijyb


Innate Abilities, Weirdness & Mutations

You reflexively headbutt those who attack you in melee.
You have a pair of horns on your head.


Message History

You hit Ijyb but do no damage. You headbutt Ijyb, but do no damage.
Ijyb hits you with a +0 club.
You hit Ijyb but do no damage. Ijyb hits you but does no damage.
You closely miss Ijyb. You headbutt Ijyb.
Ijyb is lightly wounded.
You hit the gnoll. The gnoll hits you but does no damage.
Ijyb barely misses you.
You hit the gnoll.
The gnoll is heavily wounded.
You hit Ijyb. The gnoll hits you with a +0 halberd!
Ijyb zaps a wand.
The bolt of acid hits you!
* * * LOW HITPOINT WARNING * * *
You are splashed with acid!
The acid burns!
* * * LOW HITPOINT WARNING * * *
You are too injured to fight recklessly!
A red film seems to cover your vision as you go berserk!
You feel yourself moving faster!
You feel mighty!
You are feeling very hungry.
The gnoll hits you with a +0 halberd!
You die...

# #### #.##.
#..###......
#.<(@gr..%..
#(.#.g####....
..........# .
#####.#.......
#....#.....
##..###....
.... ..g.
#.#.# ...


You could see Ijyb, a gnoll and a quokka.

Vanquished Creatures
  Jessica (D:2)
  Natasha (twice) (D:2)
  A gnoll (D:2)
  2 adders (D:2)
  An ooze (D:2)
  A worm (D:2)
  3 leopard geckos
  An orc (D:2)
  A ball python (D:1)
  A giant cockroach (D:1)
  8 goblins
  6 hobgoblins
  4 kobolds
  A quokka (D:2)
  A bat (D:2)
  2 frilled lizards (D:2)
  4 rats
40 creatures vanquished.

Vanquished Creatures (others)
  Natasha (D:2)
1 creature vanquished.

Grand Total: 41 creatures vanquished

Notes
Turn   | Place    | Note
-------+----------+-------------------------------------------
     0 | D:1      | Blackhawk the Minotaur Berserker began the quest for the
                  | Orb.
     0 | D:1      | Reached XP level 1. HP: 19/19 MP: 0/0
   524 | D:1      | Reached XP level 2. HP: 26/27 MP: 1/1
  1204 | D:2      | Noticed Natasha
  1210 | D:2      | Killed Natasha
  1210 | D:2      | Reached ** piety under Trog
  1210 | D:2      | Reached XP level 3. HP: 33/33 MP: 2/2
  1281 | D:2      | Noticed Natasha
  1288 | D:2      | Killed Natasha
  1288 | D:2      | Reached XP level 4. HP: 33/41 MP: 3/3
  1439 | D:2      | Noticed Jessica
  1439 | D:2      | Noticed Natasha
  1441 | D:2      | Noticed a +0 hand axe
  1450 | D:2      | Killed Natasha
  1451 | D:2      | Found a hide-covered altar of Uskayaw.
  1451 | D:2      | Noticed a +0 dagger
  1456 | D:2      | Killed Jessica
  1538 | D:2      | Reached XP level 5. HP: 44/47 MP: 4/4
  1737 | D:2      | Found an iron altar of Okawaru.
  2011 | D:3      | Noticed Ijyb
  2022 | D:3      | HP: 1/47 [acid (12)]
  2023 | D:3      | Slain by a gnoll

Vault maps used:
D:1:      scummos_arrival_checkerplants
D:2:      dancing_weapons_uskayaw, okawaru_altar_gauntlet_db, uniq_jessica,
          uniq_natasha
D:3:      uniq_sigmund, uniq_ijyb

Skill      XL: |  1  2  3 |
---------------+----------+-----
Axes           | 4 |  4.8
Fighting       | 4 |  4.7
Armour         | 3 |  3.9
Dodging        | 3 |  3.4
Shields        | |  0.6

Action                   |  1- 3 |  4- 6 || total
-------------------------+-------+-------++-------
Melee: Hand axe          |    55 |    38 ||    93
       Headbutt          |     9 |     6 ||    15
Invok: Berserk           |     2 |     3 ||     5
  Eat: Chunk             |     2 |     5 ||     7
Armor: Chain mail        |    22 |    24 ||    46
Dodge: Dodged            |    18 |    34 ||    52
Block: Buckler           |       |     2 ||     2

Table legend:
 A = Non-vault XP
 B = Vault XP
 C = Vault XP percentage of total XP
 D = Non-vault monster count
 E = Vault monster count
 F = Vault count percentage of total count
                 A         B        C        D         E       F
            +---------+---------+-------+---------+---------+-------
      Total |     151 |      98 |  39.4 |      33 |       8 |  19.5
            +---------+---------+-------+---------+---------+-------
        D:1 |      27 |       0 |   0.0 |      14 |       0 |   0.0
        D:2 |     123 |      98 |  44.3 |      18 |       8 |  30.8
        D:3 |       1 |       0 |   0.0 |       1 |       0 |   0.0
            +---------+---------+-------+---------+---------+-------
